 Dungeon Crawl Stone Soup version 0.19-a0-1091-g463c9de (webtiles) character file.

34939 junb69 the Fighter (level 13, -7/123 HPs)
             Began as a White Draconian Gladiator on Aug 7, 2016.
             Was a Priest of Ashenzari.
             Mangled by a two-headed ogre
             ... wielding a +0 giant club
              (13 damage)
             ... on level 2 of the Orcish Mines.
             The game lasted 01:08:56 (28515 turns).

junb69 the Fighter (White Draconian Gladiator)     Turns: 28515, Time: 01:08:57

Health: -7/123     AC: 11    Str: 23    XL:     13   Next: 44%
Magic:  13/13      EV: 31    Int: 14    God:    Ashenzari [***...]
Gold:   1660       SH:  4    Dex: 26    Spells: 0 memorised, 12 levels left

rFire  + . .     SeeInvis +     G - +2 scimitar
rCold  + . .     Gourm    .     (armour unavailable)
rNeg   + + .     Faith    .     (no shield)
rPois  .         Spirit   .     b - +1 hat (curse)
rElec  .         Dismiss  .     (no cloak)
rCorr  .         Reflect  +     C - +1 pair of gloves {Dex+3} (curse)
SustAt .         Harm     .     (no boots)
MR     .....                    s - +4 amulet of reflection (curse)
Stlth  ++++......               D - ring of protection from fire
                                F - ring "Noimoynn" {*Corrode rN++ Int+3 Dex+4 Stlth+}

@: mighty, agile
A: breathe frost, unfitting armour, cold resistance 1, cold-blooded, AC +8
a: Breathe Frost, Curse Item, Scrying, Renounce Religion


You were on level 2 of the Orcish Mines.
You worshipped Ashenzari.
Ashenzari was most pleased with you.
You were hungry.

You visited 3 branches of the dungeon, and saw 18 of its levels.

You collected 1660 gold pieces.

Inventory:

Hand Weapons
 G - a +2 scimitar (weapon)
Armour
 b - a cursed +1 hat (worn)
 C - a cursed +1 pair of gloves of dexterity (worn)
Jewellery
 o - an uncursed ring of positive energy
 s - a cursed +4 amulet of reflection (around neck)
 D - a ring of protection from fire (right hand)
 F - the ring "Noimoynn" (left hand) {*Corrode rN++ Int+3 Dex+4 Stlth+}
   (You found it on level 2 of the Lair of Beasts)

   [ring of stealth]

   It affects your intelligence (+3).
   It affects your dexterity (+4).
   It greatly protects you from negative energy.
   It may corrode you when you take damage.
   It makes you more stealthy.
Wands
 c - a wand of acid (14/15)
 A - a wand of iceblast (2/15)
 B - a wand of disintegration (6/24)
Scrolls
 a - 4 scrolls of enchant armour
 q - 2 scrolls of recharging
 v - 4 scrolls of fog
 y - 7 scrolls of teleportation
 z - a scroll of enchant weapon
 I - a scroll of remove curse
 L - 2 scrolls of torment
Potions
 e - a potion of curing
 g - 4 potions of ambrosia
 i - a potion of flight
 j - 2 potions of lignification
 p - 2 potions of resistance
 r - 3 potions of cure mutation
 t - 2 potions of cancellation
Books
 n - the Catalogue of the Quantum Arsonist
   (You found it on level 1 of the Orcish Mines)

   Spells                             Type                      Level
   a - Apportation                    Translocation                1
   b - Recall                         Summoning/Translocation      3
   c - Teleport Other                 Translocation                3
   d - Fireball                       Conjuration/Fire             5
   e - Summon Forest                  Summoning/Translocation      5
Comestibles
 d - 6 bread rations
 f - 11 chunks of flesh
 l - 6 meat rations
 E - 2 royal jellies
 K - a slice of pizza


   Skills:
 - Level 13.7 Fighting
 - Level 13.5 Long Blades
 - Level 1.7 Throwing
 * Level 12.9 Dodging


You had 12 spell levels left.
You didn't know any spells.

Dungeon Overview and Level Annotations

Branches:
Dungeon (11/15)            Temple (0/1) D:7            Lair (5/6) D:8
  Swamp (0/4) Lair:4       Spider (0/4) Lair:3          Orc (2/2) D:9
    Elf (0/3) Orc:2
  Slime: Lair:5-6

Altars:
Ashenzari
Cheibriados
Gozag
Hepliaklqana
Nemelex Xobeh
Pakellas
Ru
Sif Muna
Xom
The Shining One
Beogh

Shops:
D:5 =

Annotations:
Lair:2 exclusion: hydra
Orc:2 aronpayne's ghost, journeyman FoFi


Innate Abilities, Weirdness & Mutations

You can breathe waves of freezing cold.
You can buffet flying creatures when you breathe cold.
Your icy white scales are hard. (AC +8)
Your body does not fit into most forms of armour.
Your flesh is cold resistant. (rC+)
You are cold-blooded and may be slowed by cold attacks.


Message History

You hear two shouts!
The ogre mage casts a spell at you. The crystal spear hits you!
* * * LOW HITPOINT WARNING * * *
You feel agile all of a sudden.
You slash the ogre mage! You tail-slap the ogre mage.
The ogre mage is moderately wounded.
The ogre mage hits you but does no damage.
You feel very mighty all of a sudden.
The ogre mage points at you and mumbles some strange words.
The bolt of cold hits you! You resist.
* * * LOW HITPOINT WARNING * * *
You slash the ogre mage!
The ogre mage is heavily wounded.
You slash the ogre mage!
The ogre mage is severely wounded.
The ogre mage casts a spell at you. The bolt of cold misses you.
The two-headed ogre closely misses you.
The two-headed ogre hits you with a giant spiked club!
You die...

#.........).............*,,
#..............#........,,,
##.............##...,,,,,,,
##.#.).........#...,,,,,,,,
#..).....).........,,,,,,,,
#..................,,,,,,,,
##............#....,,,,,,,,
#.................,,,,,,,,
##.......@O..#....,,,,,,,,
##.))......O.#....$,,,,,,,,
#.....).......#....,,,,,,,,
#.................#,,,,,,,,
##.#.#...........##.*,,,,,,
#...................,,,,,,,
#...................,,,,,,,
##..)..#............,,,,,,,
##....>............,,,,,,,


You could see an ogre mage and a two-headed ogre.

Vanquished Creatures
  Josephine (Orc:1)
  An ogre mage (Orc:2)
  Nergalle (Lair:1)
  4 hill giants
  A cyclops (D:11)
  4 black mambas
  A gargoyle (D:10)
  A torpor snail (Lair:5)
  3 spiny frogs
  A rime drake (Lair:3)
  4 komodo dragons
  2 trolls (D:9)
  9 two-headed ogres
  4 jumping spiders (Lair:3)
  Grinder (D:3)
  5 blink frogs
  A vampire (D:9)
  9 wraiths
  A wyvern (D:9)
  5 redbacks (Lair:3)
  29 yaks
  3 fire bats (Orc:1)
  4 basilisks
  A hungry ghost (D:11)
  7 hippogriffs
  A steam dragon (D:8)
  3 wargs
  10 water moccasins
  2 soldier ants
  Duvessa (D:5)
  6 porcupines
  3 ice beasts
  2 black bears
  14 orc warriors
  3 sky beasts
  2 phantoms
  7 necrophages
  15 ogres
  5 wolves
  5 centaurs
  8 crocodiles
  Blork the orc (D:5)
  2 big kobolds
  14 giant frogs
  A wyvern zombie (D:9)
  Dowan (D:5)
  6 scorpions
  27 killer bees
  7 wights
  3 electric eels
  2 crimson imps
  A giant frog zombie (D:5)
  A quasit (D:7)
  7 hounds
  2 jellies
  2 centaur zombies
  13 orc priests
  5 giant frog skeletons
  17 iguanas
  14 orc wizards
  10 worker ants
  15 sheep
  A hound skeleton (D:5)
  10 gnolls
  8 adders
  38 river rats
  A shadow imp (D:10)
  2 oozes
  4 adder skeletons
  8 worms
  A dart slug (D:4)
  16 giant geckos
  69 orcs
  A ball python (D:5)
  4 bats
  8 giant cockroaches
  7 goblins
  5 hobgoblins
  12 jackals
  17 kobolds
  5 quokkas
  5 giant newts
  A jackal zombie (D:9)
  A quokka skeleton (D:8)
  5 rats
  A fungus (Lair:4)
  A plant (Lair:5)
572 creatures vanquished.

Vanquished Creatures (others)
  5 sheep (D:8)
  A gnoll (Orc:1)
  13 fungi
  A plant (Lair:4)
20 creatures vanquished.

Grand Total: 592 creatures vanquished

Notes
Turn   | Place    | Note
-------+----------+-------------------------------------------
     0 | D:1      | junb69 the Draconian Gladiator began the quest for the Orb.
     0 | D:1      | Reached XP level 1. HP: 17/17 MP: 1/1
   179 | D:1      | Reached XP level 2. HP: 11/24 MP: 2/2
   735 | D:1      | Reached XP level 3. HP: 26/29 MP: 3/3
   780 | D:1      | Found a snail-covered altar of Cheibriados.
  1627 | D:2      | Found a glowing golden altar of the Shining One.
  1627 | D:2      | Found a sacrificial altar of Ru.
  1628 | D:2      | Found a shattered altar of Ashenzari.
  1646 | D:2      | Became a worshipper of Ashenzari the Shackled
  1743 | D:2      | Reached XP level 4. HP: 24/36 MP: 4/4
  1807 | D:2      | Reached skill level 5 in Long Blades
  2505 | D:3      | Noticed Grinder
  2540 | D:3      | Paralysed by Grinder for 7 turns
  3205 | D:3      | Found an opulent altar of Gozag.
  3209 | D:3      | Found a deep blue altar of Sif Muna.
  3229 | D:3      | Reached XP level 5. HP: 39/41 MP: 5/5
  3516 | D:3      | Paralysed by Grinder for 7 turns
  3540 | D:3      | Paralysed by Grinder for 6 turns
  3549 | D:3      | Killed Grinder
  3549 | D:3      | Reached XP level 6. HP: 48/48 MP: 6/6
  4115 | D:4      | Gained mutation: You are clumsy. (Dex -2) [potion of mutation]
  4115 | D:4      | Gained mutation: You expend magic power (3 MP) to strengthen your wands. [potion of mutation]
  4115 | D:4      | Gained mutation: Scrolls take you a little longer to read. [potion of mutation]
  4116 | D:4      | Lost mutation: Scrolls take you a little longer to read. [potion of cure mutation]
  4116 | D:4      | Lost mutation: You are clumsy. (Dex -2) [potion of cure mutation]
  4116 | D:4      | Lost mutation: You expend magic power (3 MP) to strengthen your wands. [potion of cure mutation]
  4152 | D:4      | Your scales start taking on an icy white colour.
  4152 | D:4      | Reached XP level 7. HP: 43/55 MP: 7/7
  4152 | D:4      | Gained mutation: Your flesh is cold resistant. (rC+) [White Draconian growth]
  5547 | D:5      | Entered Level 5 of the Dungeon
  5646 | D:5      | Noticed Duvessa
  5646 | D:5      | Noticed Dowan
  5657 | D:5      | Killed Duvessa
  5666 | D:5      | Killed Dowan
  5910 | D:5      | Noticed Blork the orc
  5926 | D:5      | Killed Blork the orc
  5926 | D:5      | Reached XP level 8. HP: 26/61 MP: 8/8
  6076 | D:5      | Reached skill level 10 in Long Blades
  6769 | D:5      | Reached skill level 5 in Fighting
  6814 | D:5      | Found Yxu Sux's Jewellery Emporium.
  7260 | D:5      | You fall through a shaft for 2 floors!
  7411 | D:7      | Found a staircase to the Ecumenical Temple.
  7449 | D:6      | Found an oddly glowing altar of Pakellas.
  7493 | D:6      | Found Jafeopp's Food Shop.
  7616 | D:5      | Reached XP level 9. HP: 68/79 MP: 9/9
  7748 | D:5      | Found a hazy altar of Hepliaklqana.
  8854 | D:7      | Reached skill level 10 in Fighting
  9165 | D:7      | Reached * piety under Ashenzari
  9710 | D:8      | Reached skill level 5 in Dodging
 10244 | D:8      | Reached XP level 10. HP: 49/93 MP: 10/10
 10763 | D:8      | Found a staircase to the Lair.
 11436 | D:8      | Found a shimmering altar of Xom.
 12985 | D:9      | Found a roughly hewn altar of Beogh.
 12985 | D:9      | Found a staircase to the Orcish Mines.
 13046 | D:9      | Reached skill level 10 in Dodging
 14004 | Lair:1   | Entered Level 1 of the Lair of Beasts
 14036 | Lair:1   | Reached XP level 11. HP: 86/100 MP: 11/11
 14098 | Lair:1   | Noticed Nergalle
 14815 | D:10     | Entered Level 10 of the Dungeon
 14815 | D:10     | Noticed a hill giant
 14822 | D:10     | Killed a hill giant
 18225 | D:11     | Found a sparkling altar of Nemelex Xobeh.
 19065 | D:11     | Noticed a hill giant
 19351 | D:11     | Killed a hill giant
 19661 | Lair:1   | Killed Nergalle
 19661 | Lair:1   | Reached XP level 12. HP: 109/113 MP: 12/12
 20581 | Lair:2   | Noticed an eight-headed hydra
 20842 | Lair:2   | Identified the ring "Noimoynn" {*Corrode rN++ Int+3 Dex+4 Stlth+}
 23119 | Lair:3   | Reached ** piety under Ashenzari
 23382 | Lair:3   | Found a hole to the Spider Nest.
 23795 | Lair:4   | Noticed a four-headed hydra
 24032 | Lair:4   | Found a staircase to the Swamp.
 25176 | Lair:5   | Reached XP level 13. HP: 122/122 MP: 13/13
 26079 | Orc:1    | Entered Level 1 of the Orcish Mines
 26171 | Orc:1    | Noticed Josephine
 26313 | Orc:1    | Killed Josephine
 26959 | Orc:1    | Reached *** piety under Ashenzari
 27182 | Orc:1    | Identified the Catalogue of the Quantum Arsonist
 27184 | Orc:1    | Noticed a fire giant
 27839 | Orc:2    | Entered Level 2 of the Orcish Mines
 27995 | Orc:2    | Noticed aronpayne's ghost (journeyman FoFi)
 28121 | Orc:2    | Found a staircase to the Elven Halls.
 28513 | Orc:2    | HP: 5/123 [ogre mage/bolt of cold (16)]
 28515 | Orc:2    | Mangled by a two-headed ogre

Vault maps used:
D:1:      dpeg_arrival_windows_large_door, cheibriados_altar_1
D:2:      gammafunk_temple_overflow_forgotten
D:3:      minitemple, uniq_grinder
D:4:      first_bread
D:5:      kennysheep_mini, serial_shops, shop_statue, amethyst_killhole,
          uniq_duvessa, uniq_blork_the_orc
D:6:      serial_shops, nicolae_shop_statue_plus, grunt_pakellas_basics
D:7:      hangedman_decor_lopped, minmay_guarded_unrand_finisher
D:8:      erik_lair_dragon, kb_xom_exploding_sheep
D:9:      david_orc_5
D:11:     basic_altar
Lair:1:   grunt_megastairs_3, lemuel_fruit_tree, uniq_nergalle
Lair:3:   nicolae_spider_entry_tight_spaces
Lair:4:   swamp_mist_pool, nicolae_quartered_pool_medium
Lair:5:   roderic_carrion_pond
Orc:1:    giant_chief_lemuel, uniq_josephine
Orc:2:    st_orc_ogre_mass, basic_altar

Skill      XL: |  1  2  3  4  5  6  7  8  9 10 11 12 13 |
---------------+----------------------------------------+-----
Long Blades    | 4 5 7 8 9 10 12 13 | 13.5
Fighting       | 7 10 12 13 | 13.7
Dodging        | 6 10 11 12 | 12.9
Throwing       | |  1.7

Action                   |  1- 3 |  4- 6 |  7- 9 | 10-12 | 13-15 || total
-------------------------+-------+-------+-------+-------+-------++-------
Melee: Long sword        |   137 |   206 |   566 |   981 |       ||  1890
       Tailslap          |     8 |    29 |    83 |   309 |   102 ||   531
       Scimitar          |       |       |       |   703 |   407 ||  1110
Throw: Throwing net      |     1 |     3 |       |       |       ||     4
Invok: Curse Item        |       |     1 |     1 |     1 |       ||     3
 Abil: Breathe Frost     |       |       |    12 |    28 |     4 ||    44
Evoke: Wand              |       |       |       |       |     7 ||     7
  Use: Potion            |       |     4 |     3 |    12 |     7 ||    26
       Scroll            |       |     6 |    10 |    11 |     4 ||    31
 Stab: Sleeping          |       |     1 |     3 |     6 |       ||    10
       Held in net/web   |       |     1 |       |       |       ||     1
       Invisible         |       |       |       |     2 |     6 ||     8
       Distracted        |       |       |       |     3 |       ||     3
  Eat: Chunk             |     3 |     8 |    17 |    38 |     7 ||    73
       Pizza             |       |       |     2 |     1 |       ||     3
       Beef jerky        |       |       |     1 |       |       ||     1
       Royal jelly       |       |       |       |     1 |       ||     1
       Fruit             |       |       |       |    14 |     5 ||    19
       Meat ration       |       |       |       |     1 |       ||     1
Armor: Skin              |    28 |    39 |   115 |   383 |    48 ||   613
Dodge: Dodged            |    66 |   106 |   263 |   913 |   262 ||  1610
Block: Other             |       |    19 |    76 |   231 |    58 ||   384
       Reflection        |       |     3 |     2 |     3 |       ||     8
